[Event "Titled Tuesday Blitz February 15 Late 2022"]
[White "Sarkar, Justin"]
[Black "Araujo Filho, Luiz Antonio Coel"]
[WhiteFideId "2010011"]
[BlackFideId "2130661"]
[WhiteElo "2038"]
[BlackElo "2216"]
[Result "1-0"]
[Round "11"]
[TimeControl "180+1"]
[Date "2022.02.16"]
[WhiteClock "0:00:03"]
[BlackClock "0:00:02"]

1. e4 c6 2. d4 d5 3. e5 Bf5 4. h4 h5 5. c4 e6 6. Ne2 Nd7 7. Ng3 Bg6 8. cxd5 cxd5 9. Nc3 Qb6 10. Be2 Be7 11. Nxh5 Bxh5 12. Bxh5 g6 13. Be2 Rxh4 14. Rxh4 Bxh4 15. Nb5 Nxe5 16. g3 Bxg3 17. fxg3 Nc6 18. Bf4 e5 19. dxe5 Qg1+ 20. Kd2 Qc5 21. Nc7+ Kd7 22. Nxa8 Qb4+ 23. Kc1 Nd4 24. Bg4+ Ke8 25. Nc7+ Kf8 26. Nxd5 Qc5+ 27. Nc3 Ne7 28. Kb1 Nec6 29. a3 Na5 30. Be3 Nac6 31. Qd3 Qd5 32. Bxd4 Nxd4 33. Bd1 Kg7 34. Bc2 Qh1+ 35. Qd1 Qd5 36. Nxd5 1-0


[Site "https://www.chess.com"]

[Event "Titled Tuesday Blitz February 15 Late 2022"]
[White "Slugin, Sergey"]
[Black "Sargsyan, Anna M."]
[WhiteFideId "4122569"]
[BlackFideId "13308130"]
[WhiteElo "2358"]
[BlackElo "2271"]
[Result "0-1"]
[Round "11"]
[TimeControl "180+1"]
[Date "2022.02.16"]
[WhiteClock "0:00:01"]
[BlackClock "0:00:08"]

1. e4 c6 2. d4 d5 3. e5 c5 4. dxc5 e6 5. Be3 Nd7 6. f4 Bxc5 7. Bxc5 Nxc5 8. Nf3 Ne7 9. Nbd2 Qb6 10. Nb3 Nf5 11. Qd2 Ne4 12. Qe2 Bd7 13. g4 Ne3 14. Nfd4 Nxf1 15. Rxf1 a5 16. a4 Rc8 17. f5 O-O 18. f6 g6 19. Qe3 g5 20. h4 Kh8 21. hxg5 Rg8 22. Rh1 Nxg5 23. Rh5 Qb4+ 24. c3 Qc4 25. Rxg5 Rxg5 26. Qxg5 Rg8 27. Qf4 Qd3 28. Rd1 Qh3 29. g5 Bxa4 30. Rd2 Qh1+ 31. Kf2 Qh5 32. Nc5 Bd1 33. Ne2 Rxg5 34. Rxd1 Rf5 35. Nd3 Qh2+ 36. Ke3 Rxf4 37. Ndxf4 h5 38. Ra1 b6 39. b4 axb4 40. cxb4 Qh4 41. Ra8+ Kh7 42. Rf8 Qg5 43. Rxf7+ Kh6 44. Rg7 Qxe5+ 45. Kf2 Qxf6 46. Rb7 e5 47. Rd7 exf4 48. Kf3 d4 49. Nxd4 b5 0-1


[Site "https://www.chess.com"]

[Event "Titled Tuesday Blitz February 15 Late 2022"]
[White "Stanisz, Patryk"]
[Black "Golubenko, Valentina"]
[WhiteFideId "1123106"]
[BlackFideId "4501993"]
[WhiteElo "1876"]
[BlackElo "2164"]
[Result "0-1"]
[Round "11"]
[TimeControl "180+1"]
[Date "2022.02.16"]
[WhiteClock "0:00:05"]
[BlackClock "0:00:10"]

1. d4 Nf6 2. c4 c5 3. Nf3 g6 4. Nc3 Bg7 5. e4 cxd4 6. Nxd4 d6 7. Be3 O-O 8. Be2 Nc6 9. O-O Be6 10. Rc1 Nxd4 11. Bxd4 Rc8 12. b3 a6 13. Qd2 Bd7 14. Rfd1 Bc6 15. f3 h5 16. Bf1 h4 17. Qf2 h3 18. g3 Bd7 19. Bb6 Qe8 20. Be3 b5 21. g4 b4 22. Ne2 e6 23. Rxd6 Rc6 24. Rxc6 Bxc6 25. Bc5 Qd7 26. Bxf8 Bxf8 27. Qd4 Qxd4+ 28. Nxd4 Bc5 29. Bxh3 Bxd4+ 30. Kf1 e5 31. Ke2 Kf8 32. g5 Nh5 33. Bc8 Nf4+ 34. Kf1 a5 35. h4 Ke7 36. Rc2 Bd7 37. Bxd7 Kxd7 38. Rh2 Kc6 39. Ke1 Nd3+ 40. Kd2 Nf4 41. Kc2 Kd6 42. Rd2 Kc5 43. Rh2 a4 44. Rd2 a3 45. Rh2 Kd6 46. Kd2 Ne6 47. h5 Nxg5 48. h6 Nh7 49. Kd3 Ke6 50. f4 Bc3 51. fxe5 Bxe5 52. c5 f5 53. Rc2 fxe4+ 54. Kxe4 Nf6+ 55. Kd3 Nh7 56. Kc4 Bf4 57. Kxb4 Kd7 58. Kxa3 Bxh6 59. Kb4 Be3 60. Kb5 Nf6 61. Re2 Bf4 62. Re1 Nd5 63. Rd1 Ke6 64. c6 Nc3+ 65. Kb6 Nxd1 66. c7 Kd7 67. a3 Bxc7+ 68. Kb7 g5 69. a4 g4 70. a5 Bxa5 71. b4 Bxb4 72. Kb6 g3 73. Kb5 Bd2 0-1


[Site "https://www.chess.com"]

[Event "Titled Tuesday Blitz February 15 Late 2022"]
[White "Svane, Rasmus"]
[Black "Mirzoev, Azer"]
[WhiteFideId "4657101"]
[BlackFideId "13400304"]
[WhiteElo "2645"]
[BlackElo "2525"]
[Result "0-1"]
[Round "11"]
[TimeControl "180+1"]
[Date "2022.02.15"]
[WhiteClock "0:00:01"]
[BlackClock "0:00:06"]

1. Nf3 d5 2. g3 Nf6 3. Bg2 Bg4 4. O-O c6 5. h3 Bh5 6. d4 e6 7. c4 Nbd7 8. cxd5 cxd5 9. Qb3 Qb6 10. Nc3 Be7 11. Ne5 Nxe5 12. dxe5 Nd7 13. Qxb6 Nxb6 14. g4 Bg6 15. f4 Bc2 16. Be3 Nc4 17. Bd4 h5 18. Rac1 Bh7 19. b3 Na3 20. Kf2 a6 21. Na4 Nc2 22. Bc5 Rc8 23. b4 b5 24. Nb2 Bxc5+ 25. bxc5 Rxc5 26. f5 Ke7 27. Nd3 Rc4 28. Bf3 Rhc8 29. Rg1 Nd4 30. Ra1 Nxf3 31. Kxf3 hxg4+ 32. hxg4 exf5 33. gxf5 Bxf5 34. Rxg7 Rd4 35. Ke3 Re4+ 36. Kd2 Rec4 37. Rf1 Rc2+ 38. Ke3 Be6 39. Rf6 R8c3 40. Rh6 Rxa2 41. Rh8 d4+ 42. Kxd4 Rc4+ 43. Ke3 Rc3 44. Rgg8 Rcc2 45. Rd8 Bd7 46. Nf4 Rc3+ 47. Kf2 Rc5 48. e6 fxe6 49. Ng6+ Kf6 50. Nf4 Rf5 51. Ke3 Ra3+ 52. Nd3 Bc6 53. Rh6+ Ke7 54. Rc8 Bd5 55. Rc7+ Kd6 56. Ra7 Bc4 57. Kd2 Bxd3 58. exd3 Rd5 59. Kc2 Rdxd3 60. Rg7 Rac3+ 61. Kb2 Rc6 62. Rgg6 Re3 63. Rg2 b4 64. Rd2+ Kc5 65. Rh5+ Kb6 66. Rd8 a5 67. Rb8+ Kc7 68. Ra8 Re2+ 69. Kb1 Rd6 70. Rc5+ Kb6 71. Rc1 Rd5 72. Rb8+ Ka6 73. Ra8+ Kb5 74. Ka1 e5 75. Rac8 e4 76. Rb8+ Ka4 77. Rb1 e3 78. Ra8 Red2 79. Rc1 Rd1 80. Kb1 Rxc1+ 81. Kxc1 e2 82. Kc2 Rc5+ 83. Kd3 e1=Q 84. Rd8 Qd1+ 0-1


[Site "https://www.chess.com"]

[Event "Titled Tuesday Blitz February 15 Late 2022"]
[White "Tan, Jun Ying"]
[Black "Pinheiro, Iung Alicio de O."]
[WhiteFideId "5710413"]
[BlackFideId "2104350"]
[WhiteElo "1827"]
[BlackElo "2618"]
[Result "0-1"]
[Round "11"]
[TimeControl "180+1"]
[Date "2022.02.16"]
[WhiteClock "0:00:02"]
[BlackClock "0:00:22"]

1. d4 Nf6 2. c4 g6 3. Nc3 d5 4. Nf3 Bg7 5. h4 dxc4 6. e4 c5 7. d5 b5 8. h5 b4 9. h6 Bf8 10. Na4 Nxe4 11. Bxc4 e5 12. Qe2 f5 13. Nxe5 Bd6 14. Nc6 Nxc6 15. dxc6 Qe7 16. b3 Be6 17. Bb2 O-O 18. O-O Rfe8 19. Bxe6+ Qxe6 20. Rfe1 Qf7 21. Qa6 Rac8 22. Qb7 Rc7 23. Qb5 Rce7 24. Rad1 Bb8 25. f3 Nd6 26. Rxe7 Qxe7 27. Qd3 Nf7 28. Qd5 Qh4 29. c7 Bxc7 30. f4 Bxf4 31. Rd3 Qh2+ 32. Kf2 Qh1 33. Rd1 Qh4+ 34. Kf1 Bg3 35. Qf3 Qh1# 0-1


[Site "https://www.chess.com"]

[Event "Titled Tuesday Blitz February 15 Late 2022"]
[White "Tregubov, Pavel V."]
[Black "Kobo, Ori"]
[WhiteFideId "4115341"]
[BlackFideId "2812320"]
[WhiteElo "2341"]
[BlackElo "2420"]
[Result "0-1"]
[Round "11"]
[TimeControl "180+1"]
[Date "2022.02.15"]
[WhiteClock "0:00:29"]
[BlackClock "0:00:29"]

1. e4 c5 2. Nf3 e6 3. c3 Nf6 4. e5 Nd5 5. d4 cxd4 6. cxd4 Nc6 7. Bc4 d6 8. O-O Be7 9. Qe2 O-O 10. Rd1 b6 11. Bd2 Bb7 12. Nc3 Nxc3 13. Bxc3 dxe5 14. d5 exd5 15. Bxd5 Nd4 16. Rxd4 exd4 17. Bxb7 Rb8 18. Nxd4 Rxb7 19. Nf5 Bf6 20. Rd1 Rd7 21. Nh6+ Kh8 22. Rxd7 Qxd7 23. Bxf6 gxf6 24. Qh5 Qe6 25. h3 Qe1+ 26. Kh2 Qe5+ 27. Qxe5 fxe5 28. Kg3 f5 29. Kh4 Rf6 30. Kg5 Rg6+ 31. Kh5 Rxg2 0-1


[Site "https://www.chess.com"]

[Event "Titled Tuesday Blitz February 15 Late 2022"]
[White "Van den Dikkenberg, Erik"]
[Black "Urbina Quiroz, Edwin"]
[WhiteFideId "1005880"]
[BlackFideId "6500650"]
[WhiteElo "2118"]
[BlackElo "2130"]
[Result "1-0"]
[Round "11"]
[TimeControl "180+1"]
[Date "2022.02.16"]
[WhiteClock "0:00:37"]
[BlackClock "0:00:02"]

1. e4 e5 2. Nf3 Nc6 3. d4 exd4 4. Nxd4 Bb4+ 5. c3 Bc5 6. Nb3 Bb6 7. Qe2 Nf6 8. Be3 O-O 9. Bxb6 axb6 10. g3 Nxe4 11. Bg2 Re8 12. Bxe4 d5 13. N1d2 dxe4 14. O-O Qg5 15. Nxe4 Qe5 16. Rfe1 f5 17. Nf6+ gxf6 18. Qh5 Qxe1+ 19. Rxe1 Rxe1+ 20. Kg2 Be6 21. Qh6 Rf8 22. Qf4 Ne5 23. Nd4 Bd5+ 24. Kh3 Re4 25. Qxf5 c5 26. Nf3 Be6 27. Qxe6+ Kg7 28. Qd5 1-0


[Site "https://www.chess.com"]

[Event "Titled Tuesday Blitz February 15 Late 2022"]
[White "Vidit, Santosh Gujrathi"]
[Black "Indjic, Aleksandar"]
[WhiteFideId "5029465"]
[BlackFideId "911925"]
[WhiteElo "2654"]
[BlackElo "2616"]
[Result "0-1"]
[Round "11"]
[TimeControl "180+1"]
[Date "2022.02.15"]
[WhiteClock "0:01:23"]
[BlackClock "0:00:24"]

1. b3 d5 2. Bb2 Nf6 3. Nf3 Bf5 4. d3 h6 5. Nbd2 Bh7 6. g3 c5 7. Bg2 e6 8. O-O Nc6 9. Ne5 Bd6 10. Nxc6 bxc6 11. e4 Be7 12. Qe2 O-O 13. Kh1 a5 14. a4 Nd7 15. f4 Bf6 16. e5 Be7 17. g4 Qc7 18. f5 exf5 19. gxf5 Rae8 20. Bh3 Bf6 21. Qg2 Bxe5 22. f6 Nxf6 23. Bxe5 Qxe5 24. Nf3 Qf4 25. Rg1 Bg6 26. Raf1 Re3 27. Qd2 Rfe8 28. Ne1 Qh4 29. Bg2 Re2 30. Qxa5 Ng4 31. Nf3 Nf2+ 32. Rxf2 Qxf2 33. Qc7 Bh5 0-1


[Site "https://www.chess.com"]

[Event "Titled Tuesday Blitz February 15 Late 2022"]
[White "Vine, Elzbieta"]
[Black "Antonio, Jorge Carlos"]
[WhiteFideId "1119320"]
[BlackFideId "113190"]
[WhiteElo "1846"]
[BlackElo "2247"]
[Result "1-0"]
[Round "11"]
[TimeControl "180+1"]
[Date "2022.02.16"]
[WhiteClock "0:00:27"]
[BlackClock "0:00:29"]

1. e4 e5 2. Nf3 Nc6 3. Bb5 a6 4. Ba4 Nf6 5. d4 exd4 6. e5 Ne4 7. Nxd4 Bc5 8. c3 Qh4 9. O-O Nxd4 10. cxd4 Nxf2 11. Rxf2 Bxd4 12. Nc3 Qxf2+ 13. Kh1 O-O 14. Ne4 Qh4 15. Qxd4 b5 16. Bc2 Qe7 17. Nf6+ gxf6 18. Qh4 h5 19. Qxh5 f5 20. Bxf5 f6 21. Bh6 Rf7 22. Bg6 Qxe5 23. Bxf7+ Kh8 24. Bg5+ Kg7 25. Qg6+ Kf8 26. Bxf6 1-0


[Site "https://www.chess.com"]

[Event "Titled Tuesday Blitz February 15 Late 2022"]
[White "Vusatiuk, Vladimir"]
[Black "Timofeev, Artyom"]
[WhiteFideId "14118610"]
[BlackFideId "4140419"]
[WhiteElo "2157"]
[BlackElo "2583"]
[Result "1-0"]
[Round "11"]
[TimeControl "180+1"]
[Date "2022.02.15"]
[WhiteClock "0:01:07"]
[BlackClock "0:01:41"]

1. Nf3 c5 2. h4 Nc6 3. e4 Nf6 4. Nc3 e6 5. h5 d5 6. exd5 exd5 7. d4 Bg4 8. Bb5 Be7 9. h6 g6 10. Be3 O-O 11. Bxc6 cxd4 12. Qxd4 bxc6 13. Ne5 c5 14. Qf4 Be6 15. Nc6 Qd7 16. Nxe7+ Qxe7 17. Bxc5 Nh5 18. Rxh5 1-0


[Site "https://www.chess.com"]

[Event "Titled Tuesday Blitz February 15 Late 2022"]
[White "Wartiovaara, Oliver"]
[Black "Papayan, Oleg"]
[WhiteFideId "513024"]
[BlackFideId "4193911"]
[WhiteElo "1971"]
[BlackElo "2038"]
[Result "0-1"]
[Round "11"]
[TimeControl "180+1"]
[Date "2022.02.16"]
[WhiteClock "0:01:50"]
[BlackClock "0:02:14"]

1. e4 e5 2. Nf3 Nc6 3. Bc4 Nf6 4. d3 Bc5 5. c3 d6 6. O-O a6 7. a4 Ba7 8. Re1 Ng4 9. Re2 Qf6 10. Nbd2 g5 11. Nf1 Nxf2 12. Rxf2 Bxf2+ 13. Kxf2 g4 14. Ne3 gxf3 15. Nd5 Qh4+ 16. Kg1 Rg8 17. Qxf3 Qe1+ 18. Qf1 Rxg2+ 19. Kxg2 Bh3+ 20. Kxh3 Qxf1+ 0-1


[Site "https://www.chess.com"]

[Event "Titled Tuesday Blitz February 15 Late 2022"]
[White "Weetik, Vjacheslav"]
[Black "Wagner, Dennis"]
[WhiteFideId "4153472"]
[BlackFideId "24650684"]
[WhiteElo "2469"]
[BlackElo "2355"]
[Result "0-1"]
[Round "11"]
[TimeControl "180+1"]
[Date "2022.02.16"]
[WhiteClock "0:00:17"]
[BlackClock "0:00:37"]

1. d4 Nf6 2. Bf4 d5 3. e3 Bf5 4. c4 e6 5. Nc3 Bb4 6. Bd3 Bxc3+ 7. bxc3 Bxd3 8. Qxd3 Nbd7 9. Nf3 O-O 10. O-O c5 11. cxd5 exd5 12. c4 Rc8 13. Rfc1 Nb6 14. cxd5 c4 15. Qa3 Nbxd5 16. Qxa7 Nxf4 17. exf4 Qd5 18. Rab1 b5 19. Qa6 Rb8 20. h3 Nh5 21. a4 Nxf4 22. Rxb5 Rxb5 23. Qxb5 Qxb5 24. axb5 Ne2+ 25. Kf1 Nxc1 26. Ne5 c3 27. Ke1 Rb8 0-1


[Site "https://www.chess.com"]

[Event "Titled Tuesday Blitz February 15 Late 2022"]
[White "Xiong, Jeffery"]
[Black "Bluebaum, Matthias"]
[WhiteFideId "2047640"]
[BlackFideId "24651516"]
[WhiteElo "2727"]
[BlackElo "2550"]
[Result "1-0"]
[Round "11"]
[TimeControl "180+1"]
[Date "2022.02.15"]
[WhiteClock "0:00:23"]
[BlackClock "0:00:02"]

1. e4 c6 2. d4 d5 3. e5 Bf5 4. Nd2 e6 5. Nb3 c5 6. dxc5 Bxc5 7. Nxc5 Qa5+ 8. c3 Qxc5 9. Qa4+ Nd7 10. Nf3 Ne7 11. Nd4 Qc7 12. f4 O-O 13. Be3 a6 14. Qa3 Rae8 15. Be2 f6 16. exf6 Nxf6 17. O-O Nc6 18. Nxc6 Qxc6 19. Bd4 Ne4 20. Rad1 Rf7 21. Rd3 Nd6 22. Rdd1 Nb5 23. Bxb5 Qxb5 24. b3 Qe2 25. Rfe1 Qc2 26. Rc1 Qd2 27. Rf1 Be4 28. Rf2 Qd3 29. Qc5 Ref8 30. Be5 g5 31. Bd6 Rd8 32. Qb6 Rc8 33. fxg5 d4 34. Be5 Qe3 35. Rf1 Bd5 36. Bf6 Qxc3 37. h4 Qd3 38. Bxd4 Qe4 39. Bf6 Qxh4 40. g6 Rxf6 41. Rxf6 Qg5 42. gxh7+ Kh8 43. Rf8+ Rxf8 44. Rxf8+ Kxh7 45. Qc7+ Qg7 46. Rf7 1-0


[Site "https://www.chess.com"]

[Event "Titled Tuesday Blitz February 15 Late 2022"]
[White "Yoo, Christopher Woojin"]
[Black "Wan, Joseph"]
[WhiteFideId "30909694"]
[BlackFideId "2069890"]
[WhiteElo "2105"]
[BlackElo "2149"]
[Result "1-0"]
[Round "11"]
[TimeControl "180+1"]
[Date "2022.02.15"]
[WhiteClock "0:00:32"]
[BlackClock "0:00:12"]

1. e4 e6 2. d4 d5 3. Bd3 c5 4. exd5 exd5 5. Nf3 c4 6. Be2 Nc6 7. O-O g6 8. b3 cxb3 9. axb3 Nge7 10. c4 Bg7 11. Bb2 O-O 12. Na3 Nf5 13. Nc2 Re8 14. Re1 Be6 15. Qd2 Bh6 16. Qc3 Bg7 17. Rad1 a6 18. Nb4 Rc8 19. Nxc6 Rxc6 20. c5 Nd6 21. Qb4 a5 22. Qa4 Ne4 23. Bb5 Bd7 24. Bxc6 Bxc6 25. Qa1 Qc8 26. Qc1 Qg4 27. h3 Qh5 28. Qf4 Bh6 29. Qg4 Qxg4 30. hxg4 Ra8 31. Ne5 Bb5 32. f3 Ng5 33. Bc1 f6 34. Nd3 Kf7 35. Nf4 Bc6 36. Re2 a4 37. bxa4 Rxa4 38. Rde1 Bf8 39. Be3 Rb4 40. Nd3 Rb3 41. Rd2 Ne6 42. f4 Nc7 43. f5 Nb5 44. Nf4 Nc3 45. Ne6 Ne4 46. Ra2 Bb5 47. Ra8 Be7 48. Rh8 gxf5 49. gxf5 Bc4 50. Rxh7+ Ke8 51. Bf4 Kd7 52. Bd6 Nxd6 53. cxd6 Kxd6 54. Nc5 Bd8 55. Re6# 1-0


[Site "https://www.chess.com"]

[Event "Titled Tuesday Blitz February 15 Late 2022"]
[White "Yurovskykh, Oleksandr"]
[Black "Aradhya, Garg"]
[WhiteFideId "14134020"]
[BlackFideId "25006746"]
[WhiteElo "2292"]
[BlackElo "2169"]
[Result "0-1"]
[Round "11"]
[TimeControl "180+1"]
[Date "2022.02.15"]
[WhiteClock "0:01:47"]
[BlackClock "0:02:08"]

1. d4 d5 2. Bf4 c5 3. e3 Nc6 4. c3 Qb6 5. Qb3 c4 6. Qc2 e5 7. dxe5 Bf5 8. Qc1 f6 9. Nf3 Nge7 10. exf6 gxf6 11. Nbd2 Ng6 12. Bg3 Bc5 13. Be2 h5 14. Nh4 Nxh4 15. Bxh4 Ne5 16. Nf3 Bd3 17. Nxe5 fxe5 18. Qd2 e4 19. O-O Qg6 20. Kh1 Rg8 21. Rg1 Qc6 22. Bxh5+ Kd7 23. Bg3 Qh6 24. Be2 Rxg3 25. fxg3 Qxh2+ 26. Kxh2 Rh8+ 27. Bh5 Rxh5# 0-1


[Site "https://www.chess.com"]

[Event "Titled Tuesday Blitz February 15 Late 2022"]
[White "Yushko, Olga"]
[Black "Petrova, Irina"]
[WhiteFideId "14114500"]
[BlackFideId "14124122"]
[WhiteElo "2028"]
[BlackElo "1988"]
[Result "0-1"]
[Round "11"]
[TimeControl "180+1"]
[Date "2022.02.16"]
[WhiteClock "0:00:03"]
[BlackClock "0:00:16"]

1. d4 d5 2. c4 c6 3. cxd5 cxd5 4. Nc3 Nf6 5. Nf3 Nc6 6. Bf4 a6 7. e3 e6 8. Bd3 Be7 9. O-O O-O 10. Rc1 Bd7 11. Bb1 Rc8 12. Qd3 b5 13. Ne5 Nb4 14. Qd2 Be8 15. a3 Nc6 16. Qd3 Bd7 17. Bg5 g6 18. Bh6 Re8 19. h3 Bf8 20. Bg5 Be7 21. Bh6 Nxe5 22. dxe5 Nh5 23. e4 Bg5 24. Bxg5 Qxg5 25. exd5 exd5 26. Ne2 Rxc1 27. Rxc1 Qxe5 28. Nd4 Nf4 29. Qf3 Qxd4 30. Rd1 Qe5 31. Ba2 Be6 32. a4 bxa4 33. Qa3 d4 34. Qxa4 Rb8 35. Bb1 Qg5 36. g3 Nxh3+ 37. Kg2 Nf4+ 38. Kg1 Ne2+ 39. Kg2 Bd5+ 40. f3 Nf4+ 41. Kg1 Bxf3 42. Kf2 Bxd1 43. Qxd1 Rxb2+ 44. Kf3 Ne6 45. Be4 Qe3+ 46. Kg4 Qxe4+ 47. Kh3 Qf5+ 48. g4 Ng5+ 49. Kh4 Qf2+ 50. Kxg5 f6+ 51. Kh6 Qh4# 0-1


[Site "https://www.chess.com"]

[Event "Titled Tuesday Blitz February 15 Late 2022"]
[White "Zhigalko, Sergei"]
[Black "Erdogdu, Mert"]
[WhiteFideId "13502956"]
[BlackFideId "6301495"]
[WhiteElo "2662"]
[BlackElo "2485"]
[Result "1-0"]
[Round "11"]
[TimeControl "180+1"]
[Date "2022.02.16"]
[WhiteClock "0:01:54"]
[BlackClock "0:01:36"]

1. e4 c5 2. Nf3 d6 3. d4 cxd4 4. Qxd4 Nc6 5. Bb5 Bd7 6. Bxc6 Bxc6 7. Nc3 Nf6 8. Bg5 e6 9. O-O-O Be7 10. Rhe1 O-O 11. Kb1 b5 12. Bxf6 Bxf6 13. Qxd6 Qb6 14. Ne5 Bxe5 15. Qxe5 b4 16. Ne2 Qxf2 17. Nf4 Rfe8 18. Nh5 f6 19. Qc7 1-0


[Site "https://www.chess.com"]

[Event "Titled Tuesday Blitz February 15 Late 2022"]
[White "Zierk, Steven"]
[Black "Chigaev, Maksim"]
[WhiteFideId "2034255"]
[BlackFideId "4108116"]
[WhiteElo "2494"]
[BlackElo "2502"]
[Result "1-0"]
[Round "11"]
[TimeControl "180+1"]
[Date "2022.02.15"]
[WhiteClock "0:00:17"]
[BlackClock "0:00:01"]

1. e4 c5 2. Nf3 e6 3. d4 cxd4 4. Nxd4 Nc6 5. Nc3 Qc7 6. Be3 a6 7. Qf3 Ne5 8. Qg3 Bd6 9. Qxg7 Ng6 10. Nf3 f6 11. e5 Bf8 12. exf6 Bxg7 13. fxg7 Nf6 14. gxh8=Q+ Nxh8 15. Bd4 Ke7 16. O-O-O Nf7 17. Bd3 b5 18. Rhe1 Bb7 19. Ne5 b4 20. Na4 Nxe5 21. Rxe5 Bc6 22. Nc5 Bd5 23. Rde1 Kf7 24. f4 Ng4 25. Rxd5 exd5 26. g3 Re8 27. Rxe8 Kxe8 28. Bxh7 d6 29. Bg6+ Ke7 30. Nb3 Nxh2 31. Bd3 a5 32. Be2 a4 33. Nd2 Qd7 34. b3 a3 35. c3 bxc3 36. Nb1 Qh3 37. Nxc3 Qxg3 38. Nxd5+ Ke6 39. Bc4 Kf5 40. Kc2 Nf3 41. Bc3 Qf2+ 42. Kd3 Ne1+ 43. Bxe1 Qxe1 44. b4 Qe4+ 45. Kc3 Qe1+ 46. Kb3 Qc1 47. b5 Qb2+ 48. Ka4 Ke4 49. b6 Kd4 50. Bb3 Kc5 51. b7 Qd4+ 52. Ka5 Qd2+ 53. Ka6 Qe2+ 54. Ka7 1-0